 Dungeon Crawl Stone Soup version 0.27.0-66-gdc8fb28755 (webtiles) character file.

Game seed: 17835202798522820422

96594 karkarkar the Severer (level 15, -11/135 HPs)
             Began as a Minotaur Berserker on Aug 19, 2021.
             Was a High Priest of Trog.
             Blown up by an orb spider (34 damage)
             ... with an orb of destruction
             ... on level 1 of the Spider Nest.
             The game lasted 02:11:09 (36328 turns).

karkarkar the Severer (Minotaur Berserker)         Turns: 36328, Time: 02:11:10

Health: -11/135    AC: 20    Str: 32    XL:     15   Next: 69%
Magic:  14/14      EV: 12    Int:  4    God:    Trog [*****.]
Gold:   2161       SH:  0    Dex: 11    Spells: 14/14 levels left

rFire    + . .     SeeInvis +   a - +7 battleaxe of Obsession {vorpal, +Blink +Rage Str+2 SInv}
rCold    . . .     Faith    +   (shield currently unavailable)
rNeg     + + .     Spirit   .   N - +0 chain mail of Insecurity {rF+ Str+3 Dex-4 Slay+4}
rPois    +         Reflect  .   (helmet restricted)
rElec    .         Harm     .   K - +1 cloak
rCorr    +         Rampage  .   R - +0 pair of gloves
Will     +....                  S - +1 pair of boots
Stlth    ..........             v - amulet of the Morning {Faith rN++ rCorr Dex+4}
HPRegen  0.32/turn              Z - ring of poison resistance
MPRegen  0.14/turn              U - ring of resist corrosion

@: studying Crossbows
A: horns 2, retaliatory headbutt
a: Renounce Religion, Evoke Blink, Evoke Berserk Rage, Berserk, Trog's Hand,
Brothers in Arms


You were on level 1 of the Spider Nest.
You worshipped Trog.
Trog was extremely pleased with you.
You visited 5 branches of the dungeon, and saw 24 of its levels.
You also visited: Ossuary and Bailey.

You collected 2551 gold pieces.
You spent 390 gold pieces at shops.

Inventory:

Hand Weapons
 a - the +7 battleaxe of Obsession (weapon) {vorpal, +Blink +Rage Str+2 SInv}
   (Trog gifted it to you on level 6 of the Lair of Beasts)

   It inflicts extra damage upon your enemies.
   Str:       It affects your strength (+2).
   SInv:      It lets you see invisible.
   +Blink:    It lets you blink.
   +Rage:     It lets you go berserk.
 b - the +6 mace "Killer Bee's Foe" {flame, SInv}
   (You found it on level 6 of the Lair of Beasts)

   It burns those it strikes, dealing additional fire damage.
   SInv:      It lets you see invisible.
 A - a +4 executioner's axe of flaming
Missiles
 B - 5 datura-tipped darts
 D - 12 boomerangs (quivered)
 I - 5 throwing nets
Armour
 w - a +0 plate armour
 K - a +1 cloak (worn)
 N - the +0 chain mail of Insecurity (worn) {rF+ Str+3 Dex-4 Slay+4}
   (You found it on level 10 of the Dungeon)

   Str:       It affects your strength (+3).
   Dex:       It affects your dexterity (-4).
   Slay:      It affects your accuracy & damage with ranged weapons and melee
   (+4).
   rF:        It protects you from fire.
 R - a +0 pair of gloves (worn)
 S - a +1 pair of boots (worn)
Jewellery
 d - a ring of positive energy
 v - the amulet of the Morning (around neck) {Faith rN++ rCorr Dex+4}
   (You found it in a bailey)

   [amulet of faith]

   It allows you to gain divine favour quickly.
   Dex:       It affects your dexterity (+4).
   rN:        It greatly protects you from negative energy.
   rCorr:     It protects you from acid and corrosion.
 C - a ring of magical power
 L - a ring of protection from fire
 U - a ring of resist corrosion (right hand)
 X - a ring of willpower
 Z - a ring of poison resistance (left hand)
Wands
 e - a wand of flame (3)
 n - a wand of acid (20)
 z - a wand of iceblast (38)
 F - a wand of polymorph (3)
Scrolls
 c - 6 scrolls of enchant weapon
 f - 2 scrolls of enchant armour
 l - a scroll of holy word
 o - 7 scrolls of magic mapping
 u - a scroll of fear
 x - 4 scrolls of fog
 y - 8 scrolls of teleportation
 E - a scroll of immolation {unknown}
 H - a scroll of brand weapon
 J - a scroll of noise
 M - a scroll of silence {unknown}
 O - a scroll of summoning
 Q - a scroll of torment
Potions
 g - 2 potions of might
 h - 2 potions of ambrosia
 i - a potion of experience {unknown}
 j - a potion of cancellation
 k - 3 potions of flight
 p - 5 potions of heal wounds
 q - 4 potions of resistance
 r - 3 potions of haste
 s - 5 potions of curing
 t - a potion of lignification
 G - 6 potions of attraction
 P - a potion of mutation {unknown}
 W - a potion of invisibility {unknown}
 Y - a potion of magic
Miscellaneous
 m - a condenser vane
 T - a phantom mirror


   Skills:
 - Level 13.0 Fighting
 + Level 0.5 Short Blades
 - Level 19.9(20.3) Axes
 + Level 7.4(15.0) Polearms
 + Level 3.9 Throwing
 + Level 16.0 Armour
 + Level 6.9 Dodging
 + Level 3.4 Stealth
 * Level 8.4 Evocations


You had 14 spell levels left.
You didn't know any spells.
Your spell library was empty.

Dungeon Overview and Level Annotations

Branches:
Dungeon (13/15)            Temple (1/1) D:4            Lair (6/6) D:9
 Shoals (0/4) Lair:4       Spider (2/4) Lair:3        Slime (0/5) Lair:5
    Orc (2/2) D:12            Elf (0/3) Orc:2       Ossuary (visited)
 Bailey (visited)
 Vaults: D:13-14

Altars:
Elyvilon
Fedhas
Hepliaklqana
Kikubaaqudgha
Ru
Trog
Uskayaw
Vehumet
Yredelemnul
Beogh

Shops:
D:6 *   D:10 *   Orc:1 :   Orc:2 *[(=

Annotations:
Orc:2 3 runed translucent doors, Spaninq's ghost, journeyman TrWr; reversiblehash's ghost, journeyman DsFi; velxir3's ghost, journeyman GnWn


Innate Abilities, Weirdness & Mutations

You have a pair of horns on your head.
You reflexively headbutt those who attack you in melee.


Message History

There is a stone staircase leading up here.
The orb of destruction hits you!!!
The orb spider begins to weave its threads into a brightly glowing ball.
The orb spider weaves a glowing orb of energy.
An orb of destruction comes into view.
You are too injured to fight recklessly!
You are too injured to fight recklessly!
You are too injured to fight recklessly!
The wavering orb of destruction hits you!!
* * * LOW HITPOINT WARNING * * *
The orb spider spins a strand of pure energy.
You slash the orb spider!
The orb spider is moderately wounded.
You cut the orb spider into ribbons!!!
You kill the orb spider!
Trog accepts your kill.
You enter the shallow water.
Moving in this stuff is going to be slow.
You see here an orb spider corpse.
There is a stone staircase leading up here.
You climb upwards.
There is a stone staircase leading down here.
You start resting.
An orb spider comes into view.
The orb spider hisses angrily.
The orb spider spins a strand of pure energy.
The orb spider weaves a glowing orb of energy.
An orb of destruction comes into view.
The orb of destruction hits you!!!
The orb spider pulsates with a strange energy.
The orb spider weaves a glowing orb of energy.
An orb of destruction comes into view.
The wavering orb of destruction hits you!!
* * * LOW HITPOINT WARNING * * *
The orb spider spins a strand of pure energy.
The orb spider weaves a glowing orb of energy.
An orb of destruction comes into view.
The orb spider pulsates with a strange energy.
The orb of destruction hits you!!
You die...

##.###..## #.## ####
#....^## ##.# ##..# ##.##.##
#.## #...#####.####.# ##.##
.#.^...##.## #.# #..#
#......#...###.## ##.##
....^...#.....#.##### ##..#
.......#............####...#
......##.....>..@☼☼○○s..####
.....#.##...............##
....##.###...............##
...###.###................#
..####...##...............#
..###.####................#
##.#.## ###..............#
#...## #.............##
^##.# ##.............###


You could see an orb spider (charged).

Vanquished Creatures
  Jorgrun (Orc:1)
  An orc warlord (D:12)
  2 entropy weavers (Spider:1)
  3 dire elephants
  Fannar (Lair:1)
  8 hydras
  A catoblepas (Lair:6)
  Harold (D:7)
  A deep troll shaman (Lair:6)
  4 two-headed ogres
  2 orc high priests (Orc:2)
  10 death yaks
  Urug (D:10)
  Nergalle (Orc:1)
  A deep elf knight (Spider:1)
  A deep elf archer (Spider:1)
  A lindwurm (Lair:6)
  5 orc knights
  An oklob plant (Lair:4)
  7 orb spiders
  A deep elf zephyrmancer (D:8)
  10 wolf spiders
  5 orc sorcerers
  An ugly thing (D:12)
  9 elephants
  A manticore (D:12)
  Maurice (D:9)
  Joseph (D:7)
  A merfolk siren (Lair:4)
  3 centaur zombies
  A torpor snail (Spider:1)
  6 black mambas
  15 cane toads
  Maggie (D:8)
  An eye of devastation (Lair:5)
  11 komodo dragons
  3 unseen horrors
  A kobold demonologist (D:13)
  7 rime drakes
  An unseen horror (shapeshifter) (D:11)
  2 demonic crawlers (Spider:1)
  8 trolls
  7 polar bears
  6 jumping spiders
  A slime creature (D:7)
  A hornet (Spider:1)
  14 blink frogs
  A raiju (Spider:1)
  13 tarantellas (Spider:1)
  47 redbacks
  A wyvern (D:9)
  2 wraiths
  37 yaks
  4 vampire mosquitoes (D:12)
  2 basilisks
  A steam dragon (D:7)
  3 wargs (Orc:2)
  An acid dragon (D:11)
  15 water moccasins
  A floating eye (Lair:5)
  32 orc warriors
  An ice beast (D:6)
  9 black bears
  8 ogres
  2 sky beasts
  3 necrophages
  9 wolves
  15 centaurs
  A phantom (D:5)
  2 kobold brigands
  10 bullfrogs
  3 scorpions
  9 gnoll sergeants
  A water moccasin zombie (D:4)
  A wyvern skeleton (D:7)
  A water moccasin skeleton (D:7)
  11 killer bees
  4 wights
  2 howler monkeys
  10 electric eels
  6 gnoll shamans (Bailey)
  21 orc priests
  4 hounds
  16 orc wizards
  8 mummies (Ossuary)
  A howler monkey zombie (D:9)
  Robin (D:4)
  14 gnolls
  A howler monkey skeleton (D:5)
  5 adders
  2 ufetubi
  An adder skeleton (D:4)
  4 worms (D:2)
  4 dart slugs
  65 orcs
  6 endoplasms
  6 giant cockroaches
  A gnoll zombie (Ossuary)
  6 hobgoblins
  6 jackals
  3 quokkas
  7 ball pythons
  7 bats
  4 frilled lizards
  20 goblins
  12 kobolds
  2 kobold zombies (Ossuary)
  An orc zombie (Ossuary)
  A quokka skeleton (D:3)
  A quokka zombie (D:4)
  8 rats
  A rat zombie (D:4)
  A plant (Lair:6)
680 creatures vanquished.

Vanquished Creatures (collateral kills)
  An orc warlord (Orc:1)
  2 oklob plants
  2 killer bees (D:8)
  2 orc wizards (Orc:2)
  3 gnolls
  2 orcs
  A gnoll zombie (Ossuary)
  A hobgoblin zombie (Ossuary)
  2 orc zombies (Ossuary)
16 creatures vanquished.

Vanquished Creatures (others)
  A killer bee (D:8)
  A gnoll sergeant (Bailey)
  An orc priest (Orc:1)
  2 orc wizards (Orc:2)
  A killer bee zombie (D:6)
  A gnoll (Bailey)
  4 orcs
  A kobold (D:8)
  49 fungi
  73 plants
  4 withered plants (Orc:2)
138 creatures vanquished.

Grand Total: 834 creatures vanquished

Notes
Turn   | Place    | Note
-------+----------+-------------------------------------------
     0 | D:1      | karkarkar the Minotaur Berserker began the quest for the
                  | Orb.
     0 | D:1      | Reached XP level 1. HP: 19/19 MP: 0/0
   200 | D:1      | Reached skill level 4 in Axes
   200 | D:1      | Reached XP level 2. HP: 27/27 MP: 1/1
   286 | D:1      | Found a faded altar of an unknown god.
   731 | D:2      | Reached ** piety under Trog
   732 | D:2      | Reached XP level 3. HP: 30/33 MP: 2/2
  1011 | D:2      | Reached skill level 5 in Axes
  1108 | D:2      | Reached XP level 4. HP: 41/41 MP: 3/3
  1816 | D:3      | Reached *** piety under Trog
  2070 | D:4      | Noticed Robin
  2089 | D:4      | Killed Robin
  2099 | D:4      | Reached skill level 5 in Fighting
  2099 | D:4      | Reached skill level 6 in Axes
  2099 | D:4      | Reached XP level 5. HP: 34/48 MP: 4/4
  2167 | D:4      | Found a sand-covered staircase.
  2175 | Ossuary  | Entered an ossuary
  2509 | Ossuary  | Reached XP level 6. HP: 56/56 MP: 5/5
  2517 | Ossuary  | Reached skill level 7 in Axes
  2956 | D:4      | Found a blossoming altar of Fedhas.
  3013 | D:4      | Found a staircase to the Ecumenical Temple.
  3122 | Temple   | Entered the Ecumenical Temple
  3223 | D:4      | Reached **** piety under Trog
  3384 | D:5      | Entered Level 5 of the Dungeon
  3587 | D:5      | Reached skill level 8 in Axes
  3587 | D:5      | Reached XP level 7. HP: 41/63 MP: 6/6
  3852 | D:5      | Reached skill level 9 in Axes
  3869 | D:5      | Identified the amulet "Ogeyggeg" {Acrobat Str+3}
  4263 | D:6      | Reached XP level 8. HP: 59/73 MP: 7/7
  4291 | D:6      | Reached skill level 10 in Axes
  4915 | D:6      | Found a bloodstained altar of Trog.
  5253 | D:6      | Found Ehuawerr's General Store.
  5442 | D:6      | Reached skill level 11 in Axes
  5995 | D:7      | Found the +2 robe of Vines {NoPotionHeal Regen+++}
  6000 | D:7      | Noticed a slime creature
  6006 | D:7      | Killed a slime creature
  6009 | D:7      | Reached XP level 9. HP: 39/82 MP: 8/8
  6284 | D:7      | Noticed Joseph
  6299 | D:7      | Killed Joseph
  6300 | D:7      | Reached skill level 12 in Axes
  6481 | D:7      | Reached skill level 1 in Polearms
  7159 | D:8      | Reached skill level 5 in Armour
  7167 | D:8      | Noticed Harold
  7265 | D:7      | Killed Harold
  7584 | D:8      | Reached XP level 10. HP: 79/90 MP: 9/9
  7771 | D:8      | Noticed Maggie
  7790 | D:8      | Killed Maggie
  8290 | D:8      | Noticed a deep elf zephyrmancer
  8300 | D:8      | Killed a deep elf zephyrmancer
  8584 | D:9      | Reached skill level 13 in Axes
  8719 | D:9      | Found a flagged portal.
  8735 | Bailey   | Entered a bailey
  9102 | Bailey   | Identified the amulet of the Morning {Faith rN++ rCorr
                  | Dex+4}
  9566 | D:9      | Noticed a two-headed ogre
  9571 | D:9      | Killed a two-headed ogre
  9572 | D:9      | Reached skill level 1 in Throwing
  9572 | D:9      | Reached skill level 1 in Stealth
  9794 | D:9      | Reached skill level 10 in Fighting
  9812 | D:9      | Reached skill level 14 in Axes
  9826 | D:9      | Reached XP level 11. HP: 28/100 MP: 10/10
 10064 | D:9      | Noticed Maurice
 10072 | D:9      | Killed Maurice
 10449 | D:9      | Found a staircase to the Lair.
 10545 | D:9      | Reached skill level 5 in Dodging
 11003 | D:10     | Entered Level 10 of the Dungeon
 11008 | D:10     | Identified the +0 chain mail of Insecurity {rF+ Str+3 Dex-4
                  | Slay+4}
 11043 | D:10     | Noticed Urug
 11343 | D:10     | Killed Urug
 11603 | D:10     | Found a large runed translucent door.
 11604 | D:10     | Found a large runed translucent door.
 11623 | D:10     | Found Fogocix's Mass Market.
 12322 | D:10     | Found a sacrificial altar of Ru.
 12337 | D:10     | Found a radiant altar of Vehumet.
 12830 | D:11     | Reached skill level 15 in Axes
 13009 | D:11     | Found a hide-covered altar of Uskayaw.
 13316 | D:11     | Noticed a two-headed ogre
 13322 | D:11     | Killed a two-headed ogre
 13323 | D:11     | Reached skill level 10 in Armour
 13962 | D:12     | Noticed a two-headed ogre
 13976 | D:12     | Killed a two-headed ogre
 13977 | D:12     | Reached skill level 1 in Evocations
 14709 | D:12     | Reached XP level 12. HP: 68/110 MP: 11/11
 14912 | D:12     | Found a staircase to the Orcish Mines.
 15111 | D:12     | Noticed a two-headed ogre
 15118 | D:12     | Killed a two-headed ogre
 15119 | D:12     | Reached skill level 16 in Axes
 15939 | D:13     | Noticed a five-headed hydra
 16041 | D:13     | Noticed a centaur warrior
 16160 | D:12     | Identified the +8 dagger of the Sage {venom, rPois Dex+4}
 16364 | Orc:1    | Entered Level 1 of the Orcish Mines
 16606 | Orc:2    | Entered Level 2 of the Orcish Mines
 16734 | Orc:2    | Noticed an orc warlord
 16734 | Orc:2    | Noticed an orc high priest
 16747 | Orc:1    | Reached ***** piety under Trog
 17784 | D:12     | Killed an orc warlord
 17785 | D:12     | Reached skill level 17 in Axes
 18525 | Orc:2    | Killed an orc high priest
 18534 | Orc:2    | Noticed Nergalle
 18562 | Orc:1    | Killed Nergalle
 19403 | Orc:2    | Found Tesmeuly's Jewellery Shoppe.
 19443 | Orc:2    | Found Mioh's Antique Armour Shoppe.
 19479 | Orc:2    | Found Cutawow's General Store.
 19492 | Orc:2    | Bought a scroll of identify for 28 gold pieces
 19492 | Orc:2    | Bought a potion of heal wounds for 70 gold pieces
 19506 | Orc:2    | Found Hodyqill's Antique Weapon Shoppe.
 19612 | Orc:2    | Found a runed translucent gate.
 19612 | Orc:2    | Found a runed translucent gate.
 19612 | Orc:2    | Noticed an orc warlord
 19613 | Orc:2    | Found a runed translucent gate.
 19614 | Orc:2    | Noticed Spaninq's ghost (journeyman TrWr)
 19614 | Orc:2    | Noticed velxir3's ghost (journeyman GnWn)
 19993 | Orc:1    | Killed an orc warlord
 20750 | Orc:2    | Found a staircase to the Elven Halls.
 20754 | Orc:2    | Noticed reversiblehash's ghost (journeyman DsFi)
 20935 | Orc:2    | Noticed an orc high priest
 20983 | Orc:2    | Reached skill level 18 in Axes
 21006 | Orc:2    | Reached XP level 13. HP: 118/118 MP: 12/12
 21727 | Orc:2    | Bought a pair of glowing boots for 292 gold pieces
 22061 | Orc:1    | Paralysed by an orc sorcerer for 7 turns
 22401 | Orc:1    | Found Foalule's Book Emporium.
 22464 | Orc:1    | Noticed Jorgrun
 22483 | Orc:1    | Killed Jorgrun
 23068 | Lair:1   | Entered Level 1 of the Lair of Beasts
 23575 | Lair:1   | Reached skill level 19 in Axes
 24113 | Lair:1   | Noticed Fannar
 24127 | Lair:1   | Killed Fannar
 24460 | Lair:1   | Identified the +2 ring mail "Maotug" {rCorr Int+3 Dex+4}
 25196 | Lair:2   | Found a bloodstained altar of Trog.
 26625 | Lair:3   | Found a frozen archway.
 26889 | Lair:3   | Found a hole to the Spider Nest.
 27050 | Lair:3   | Reached skill level 5 in Evocations
 28130 | Lair:4   | Reached XP level 14. HP: 122/129 MP: 13/13
 28281 | Lair:4   | Received a gift from Trog
 28915 | Lair:4   | Found a staircase to the Shoals.
 29848 | Lair:5   | Identified the -5 cloak of Qoriyjidgh {rF+}
 30047 | Lair:5   | Found a staircase to the Slime Pits.
 30049 | Lair:5   | Paralysed by a floating eye for 2 turns
 30054 | Lair:5   | Paralysed by a floating eye for 4 turns
 30059 | Lair:5   | Reached skill level 5 in Polearms
 30268 | Lair:5   | Found a white marble altar of Elyvilon.
 30527 | Lair:6   | Entered Level 6 of the Lair of Beasts
 30805 | Lair:6   | Identified the +7 battleaxe of Obsession {vorpal, +Blink
                  | +Rage Str+2 SInv} (Trog gifted it to you on level 6 of the
                  | Lair of Beasts)
 30805 | Lair:6   | Received a gift from Trog
 31754 | Lair:6   | Identified the +6 mace "Killer Bee's Foe" {flame, SInv}
 32186 | Lair:6   | Reached XP level 15. HP: 124/135 MP: 14/14
 32698 | Spider:1 | Entered Level 1 of the Spider Nest
 33221 | Spider:1 | Received a gift from Trog
 34223 | Spider:1 | Reached skill level 15 in Armour
 35094 | Spider:1 | Received a gift from Trog
 36328 | Spider:1 | Blown up by an orb spider

Illustrated notes

Levels and vault maps discovered:
D:1:      dpeg_arrival_solitude, layout_basic,
          hellmonk_ecumenical_altar_defaced_shrine
D:2:      layout_rooms, minmay_misc_feat_x
D:3:      layout_rooms, chequers_serial_rivers_small_a
D:4:      layout_gridville, fedhas_altar_3, minmay_temple_entry_mist,
          enter_ossuary_4, uniq_robin
D:5:      layout_cave_pools
D:6:      layout_rooms, mainiacjoe_overflow_paths, serial_shops,
          nicolae_inconvenience_store, lemuel_flame_loot_1
D:7:      layout_loops_cross, nicolae_lava_and_water, small_statue_intersection,
          minmay_manual_mess, uniq_joseph
D:8:      layout_layer_cave, gammafunk_temple_overflow_wave,
          guppyfry_early_elven_hall, uniq_harold, uniq_maggie
D:9:      layout_loops_corners, lair_entry_dummy, enter_bailey_3, uniq_maurice
D:10:     layout_gridville, jmf_multi_god_temple2, minmay_shop_mass, uniq_urug
D:11:     layout_basic, chequers_serial_rivers_large_b,
          eat_drink_and_be_merry_uskayaw
D:12:     layout_roguey, erik_orc_2
D:13:     layout_cave_pools
Temple:   kb_temple_of_zot
Lair:1:   beast_lair_carwin_large_1, layout_gridlike, minivault_11,
          serial_bayou_crossing, uniq_fannar
Lair:2:   layout_chaotic_city, lemuel_centaur_altar
Lair:3:   layout_regular_city, nicolae_spider_entry_orb_guardian,
          portal_ice_cave_entry_pillars_2, chequers_serial_rivers_micro_b,
          serial_bayou_lagoon_b
Lair:4:   layout_long_grid, minmay_shoals_entry_lonely_mermaid,
          grunt_megastairs_5, minmay_lair_oklob_chamber
Lair:5:   layout_long_grid, minmay_slime_entry_eyes, basic_altar,
          infiniplex_staircase_pool
Lair:6:   grunt_lair_end_beastmaster, layout_loops_ring, minmay_lair_drake_nest
Spider:1: layout_chambers, drop_trap, beargit_elvish_explorers
Spider:2: layout_spider_delve
Orc:1:    layout_caves, serial_shops, nicolae_shop_statue_plus, uniq_jorgrun
Orc:2:    grunt_orc_cross, layout_diamond_mine, gammafunk_ghost_cemetery

Skill      XL: |  1  2  3  4  5  6  7  8  9 10 11 12 13 14 15 |
---------------+----------------------------------------------+-----
Axes           | 4 5 6 8 9 11 12 14 15 18 19 | 19.9
Fighting       | 4 5 6 7 8 9 10 11 12 13 | 13.0
Armour         | 3 6 8 10 14 16 | 16.0
Polearms       | 4 6 7 |  7.4
Dodging        | 3 4 5 6 |  6.9
Throwing       | 1 3 |  3.9
Stealth        | 1 2 3 |  3.4
Evocations     | 1 3 5 7 8 |  8.4
Short Blades   | |  0.5

Action                   |  1- 3 |  4- 6 |  7- 9 | 10-12 | 13-15 || total
-------------------------+-------+-------+-------+-------+-------++-------
Melee: Hand axe          |    70 |   153 |       |       |       ||   223
       Headbutt          |    13 |    34 |    39 |   122 |   185 ||   393
       Battleaxe         |       |    47 |   109 |   507 |   639 ||  1302
       Spear             |       |       |    54 |       |       ||    54
       War axe           |       |       |       |       |    13 ||    13
       Dagger            |       |       |       |       |     7 ||     7
       Glaive            |       |       |       |       |    18 ||    18
Throw: Dart              |       |       |     4 |    21 |       ||    25
       Throwing net      |       |       |       |     5 |       ||     5
       Boomerang         |       |       |       |    29 |     5 ||    34
Invok: Trog's Hand       |       |     3 |    11 |    31 |     8 ||    53
       Brothers in Arms  |       |       |       |       |     4 ||     4
 Abil: Evoke Blink       |       |       |       |       |     2 ||     2
Evoke: Wand              |       |       |       |    12 |     6 ||    18
  Use: Scroll            |       |     5 |     8 |    13 |    11 ||    37
       Potion            |       |       |       |     6 |     6 ||    12
 Stab: Petrified         |       |       |       |       |     2 ||     2
       Petrifying        |       |       |       |       |     1 ||     1
Armor: Scale mail        |    18 |   101 |    91 |    83 |       ||   293
       Chain mail        |       |       |       |   263 |   414 ||   677
Dodge: Dodged            |    29 |   118 |   133 |   377 |   359 ||  1016
